 Dungeon Crawl Stone Soup version 0.20-a0-942-ga5226df (webtiles) character file.

7731 M4edhros the Spear-Bearer (level 11, -8/58 HPs)
             Began as a Vine Stalker Chaos Knight on Mar 31, 2017.
             Killed from afar by a gargoyle (28 damage)
             ... with a stone arrow
             ... on level 10 of the Dungeon.
             The game lasted 00:37:05 (42226 turns).

M4edhros the Spear-Bearer (VSCK)                   Turns: 42226, Time: 00:37:06

Health: -8/58      AC: 10    Str: 20    XL:     11   Next: 19%
Magic:  0/12       EV: 18    Int: 12    God:    Xom [.*....]
Gold:   853        SH:  0    Dex: 19    Spells: 10/10 levels left

rFire    . . .     SeeInvis .   a - +0 spear (chaos)
rCold    + + .     Gourm    .   (no shield)
rNeg     . . .     Faith    .   I - +2 robe {MR+}
rPois    .         Spirit   +   (helmet restricted)
rElec    .         Reflect  .   B - +0 cloak
rCorr    .         Harm     +   i - +0 pair of gloves
MR       ++...                  (no boots)
Stlth    ++........             c - amulet of harm
Regen    0.6/turn               q - +2 ring of evasion
MPRegen  0.2/turn               R - +5 ring of dexterity

@: no status effects
A: fangs 3, horns 2, talons 1, slimy green scales 1, thin metallic scales 1,
cold resistance 2, mutation resistance 1, regeneration 1, strong 1, wild magic
1, magic shield, antimagic bite, no potion heal 3, rot immunity, MP-powered
wands
a: Renounce Religion


You were on level 10 of the Dungeon.
You worshipped Xom.
You were a plaything of Xom.
You were near starving.

You visited 2 branches of the dungeon, and saw 11 of its levels.
You visited the Abyss 1 time.

You collected 853 gold pieces.

Inventory:

Hand Weapons
 a - a +0 spear of chaos (weapon)
 Q - a +2 quarterstaff of crushing
Missiles
 g - 5 javelins of penetration (quivered)
 v - 7 tomahawks of dispersal
Armour
 f - a +3 leather armour
 i - a +0 pair of gloves (worn)
 j - a +1 large shield
 B - a +0 cloak (worn)
 I - a +2 robe of magic resistance (worn)
Jewellery
 c - an amulet of harm (around neck)
 k - an uncursed ring of see invisible
 l - an uncursed ring of positive energy
 q - a +2 ring of evasion (left hand)
 y - an uncursed ring of wizardry
 A - a +3 ring of strength
 G - an uncursed ring of protection from magic
 R - a +5 ring of dexterity (right hand)
Wands
 s - a wand of scattershot (1/9)
 w - a wand of paralysis (15/24)
 F - a wand of lightning (2/15)
 L - a wand of flame (19/48)
Scrolls
 b - 2 scrolls of recharging {unknown}
 h - 3 scrolls of blinking {unknown}
 m - a scroll of amnesia {unknown}
 o - 2 scrolls of noise {unknown}
 p - 6 scrolls of remove curse
 t - a scroll of fear {unknown}
 u - 3 scrolls of immolation {unknown}
 J - a scroll of magic mapping {unknown}
 K - 2 scrolls of fog {unknown}
 N - a scroll of silence {unknown}
Potions
 d - 2 potions of mutation
 e - a potion of brilliance
 n - 5 potions of curing
 r - a potion of lignification
 x - a potion of magic {unknown}
 z - a potion of cancellation {unknown}
 E - 2 potions of might
 M - a potion of haste {unknown}
 S - 2 potions of resistance {unknown}
Books
 C - a book of Spatial Translocations

   Spells                             Type                      Level
   a - Blink                          Translocation                2
   b - Shroud of Golubria             Charms/Translocation         2
   c - Lesser Beckoning               Translocation                3
   d - Gell's Gravitas                Translocation                3
   e - Teleport Other                 Translocation                3
   f - Passage of Golubria            Translocation                4
 O - a book of Beasts

   Spells                             Type                      Level
   a - Summon Butterflies             Summoning                    1
   b - Call Canine Familiar           Summoning                    3
   c - Summon Ice Beast               Ice/Summoning                4
   d - Summon Mana Viper              Hexes/Summoning              5
   e - Summon Hydra                   Summoning                    7
Comestibles
 D - a royal jelly
 H - a fruit
 P - a meat ration


   Skills:
 + Level 6.9 Fighting
 + Level 9.4 Polearms
 - Level 1.5 Armour
 + Level 5.7 Dodging
 * Level 9.1 Shields


You had 10 spell levels left.
You didn't know any spells.

Dungeon Overview and Level Annotations

Branches:
Dungeon (10/15)            Temple (1/1) D:7            Lair (0/6) D:8
    Orc: D:9-12

Altars:
Cheibriados
Elyvilon
Gozag
Hepliaklqana
Kikubaaqudgha
Makhleb
Nemelex Xobeh
Okawaru
Qazlal
Ru
Sif Muna
Trog
Uskayaw
Vehumet
Wu Jian
Xom
Yredelemnul
Zin
The Shining One

Shops:
D:5 [%*[}   D:7 [


Innate Abilities, Weirdness & Mutations

You have razor-sharp teeth.
Your natural rate of healing is unusually fast.
When hurt, damage is shared between your health and your magic reserves.
Your bite disrupts and absorbs the magic of your enemies.
Potions cannot restore your health.
You are immune to rotting.
You have a pair of horns on your head.
You have sharp toenails.
You are partially covered in slimy green scales. (AC +2)
You are partially covered in thin metallic scales. (AC +2)
Your flesh is very cold resistant. (rC++)
You are somewhat resistant to further mutation.
Your muscles are strong. (Str +2)
Your spells are a little harder to cast, but a little more powerful.
You expend magic power (3 MP) to strengthen your wands.


Message History

Press: ? - help, Dir - move target cursor, f/p - gargoyle
Aim: a gargoyle, wielding a mace (moderately damaged)
You reach to attack!
You hit the gargoyle but do no damage.
The gargoyle is moderately damaged.
The gargoyle hurls a stone arrow at you.
The stone arrow hits you!
Attack whom?
Press: ? - help, Dir - move target cursor, f/p - gargoyle
Aim: a gargoyle, wielding a mace (moderately damaged)
You reach to attack!
You hit the gargoyle but do no damage.
The gargoyle is moderately damaged.
Attack whom?
Press: ? - help, Dir - move target cursor, f/p - gargoyle
Aim: a gargoyle, wielding a mace (moderately damaged)
You reach to attack!
You hit the gargoyle but do no damage.
The gargoyle is moderately damaged.
The gargoyle hurls a stone arrow at you.
The stone arrow hits you!
You die...
Xom thinks this is hilarious!

#^..............#
#.........##...c..
#.....§...# ......
#...#.#..## ##....
.######..##.T..# .##.
.#........Z..#.# . .
........###....# ...
.........##...#####.....
.....†........9†@.......
...............###......
........##.....# .....
.##.<#####..h... ...c
##.# #.W.....# ### #..
..........
####.....##.... .....
#####


You could see a hungry ghost, a gargoyle, a centaur (paralysed) and a howler
monkey.

Vanquished Creatures
  A white draconian (D:8)
  A two-headed ogre (D:8)
  2 death yaks (D:8)
  A wretched star (Abyss:2)
  A worldbinder (Abyss:2)
  An ancient zyme (D:7)
  A troll (D:10)
  Grinder (D:6)
  A hippogriff (D:9)
  A ynoxinul (Abyss:2)
  Sigmund (D:3)
  A hungry ghost (Abyss:2)
  2 yaks (D:8)
  2 ice beasts
  An orc warrior (D:7)
  3 ogres
  A necrophage (D:10)
  5 centaurs
  The ghost of Welfe the Cutter, an amateur SpGl (D:3)
  5 bullfrogs
  A scorpion (D:10)
  4 killer bees (D:7)
  2 howler monkeys
  3 crimson imps
  A centaur zombie (D:9)
  3 bullfrog zombies
  A bullfrog skeleton (D:6)
  4 jellies
  An orc priest (D:8)
  2 hounds (D:8)
  A gnoll shaman (D:9)
  6 orc wizards
  2 centaur skeletons
  Jessica (D:6)
  5 worker ants
  2 iguanas
  A hound zombie (D:5)
  A worker ant zombie (D:5)
  3 gnolls (D:9)
  13 adders
  An ooze (D:4)
  3 adder skeletons
  5 worms
  A dart slug (D:3)
  9 leopard geckos
  35 orcs
  6 giant cockroaches
  9 goblins
  7 hobgoblins
  10 jackals
  3 quokkas
  2 ball pythons
  8 bats
  8 frilled lizards
  14 kobolds
  A quokka zombie (D:5)
  7 rats
219 creatures vanquished.

Vanquished Creatures (others)
  An orc (D:3)
  A goblin (D:2)
  A kobold (D:2)
  A bat (D:2)
  A rat (D:2)
  A fire vortex (D:2)
6 creatures vanquished.

Grand Total: 225 creatures vanquished

Notes
Turn   | Place    | Note
-------+----------+-------------------------------------------
     0 | D:1      | M4edhros the Vine Stalker Chaos Knight began the quest for the Orb.
     0 | D:1      | Reached XP level 1. HP: 11/11 MP: 2/2
   214 | D:1      | Reached XP level 2. HP: 15/16 MP: 3/3
   997 | D:1      | XOM: medium Chrm miscast
  1042 | D:1      | XOM: cloud trail
  1077 | D:1      | XOM is BORED!
  1077 | D:1      | XOM: summons 1 hostile demon
  2123 | D:1      | Reached XP level 3. HP: 19/19 MP: 4/4
  2358 | D:1      | XOM: summons 1 hostile shadow creature
  2988 | D:2      | XOM: butterfly on damage
  3019 | D:2      | XOM: mild Pois miscast
  3315 | D:2      | Found a stormy altar of Qazlal.
  3315 | D:2      | Noticed an earth elemental
  3316 | D:2      | Noticed a fire elemental
  3316 | D:2      | Noticed an air elemental
  3316 | D:2      | Noticed a water elemental
  3606 | D:2      | XOM: draining
  3697 | D:2      | Found a radiant altar of Vehumet.
  4006 | D:2      | XOM: mild Tmut miscast
  4286 | D:2      | Gained mutation: Your natural rate of healing is unusually fast. [Vine Stalker growth]
  4286 | D:2      | Reached XP level 4. HP: 23/23 MP: 5/5
  4441 | D:2      | XOM: silly message
  4589 | D:3      | XOM: 2-stop teleportation journey
  4590 | D:3      | Noticed Welfe's ghost (amateur SpGl)
  4596 | D:3      | Gained mutation: Your flesh is heat resistant. (rF+) [potion of mutation]
  4596 | D:3      | Gained mutation: Your spells are a little harder to cast, but a little more powerful. [potion of mutation]
  4596 | D:3      | Gained mutation: Your body sometimes deteriorates upon taking damage. [potion of mutation]
  4596 | D:3      | Gained mutation: Your spells are harder to cast, but more powerful. [potion of mutation]
  4596 | D:3      | XOM: silly message
  4605 | D:3      | XOM: potion effect (brilliance)
  4613 | D:3      | Killed Welfe's ghost
  4613 | D:3      | Reached skill level 5 in Polearms
  4613 | D:3      | Reached XP level 5. HP: 13/27 MP: 6/6
  4667 | D:3      | Lost mutation: Your flesh is heat resistant. (rF+) [potion of mutation]
  4667 | D:3      | Lost mutation: Your body sometimes deteriorates upon taking damage. [potion of mutation]
  4667 | D:3      | Lost mutation: Your spells are harder to cast, but more powerful. [potion of mutation]
  4667 | D:3      | Gained mutation: You have sharp toenails. [potion of mutation]
  4667 | D:3      | Gained mutation: You have a pair of small horns on your head. [potion of mutation]
  4698 | D:3      | Noticed Sigmund
  5152 | D:3      | Killed Sigmund
  5152 | D:3      | Reached XP level 6. HP: 17/32 MP: 4/7
  5211 | D:2      | XOM: mild Fire miscast
  5878 | D:3      | XOM: give mutations
  5878 | D:3      | Gained mutation: You have a pair of horns on your head. [Xom's mischief]
  5878 | D:3      | Gained mutation: You are agile. (Dex +2) [Xom's mischief]
  5880 | D:3      | XOM: mild Air miscast
  5948 | D:3      | Found a basalt altar of Yredelemnul.
  6634 | D:3      | Found a snail-covered altar of Cheibriados.
  6647 | D:3      | XOM: medium Conj miscast
  6743 | D:2      | XOM: harmless Ice miscast
  6866 | D:2      | XOM: god gift: scroll labeled GUGACYTROAS {god gift}
  6977 | D:2      | XOM: god gift: 5 javelins of penetration
  7054 | D:2      | XOM: scenery: create altars
  7132 | D:2      | XOM: cloud trail
  7874 | D:2      | XOM: give mutation
  7874 | D:2      | Gained mutation: You are partially covered in thin metallic scales. (AC +2) [Xom's grace]
  8069 | D:2      | XOM: harmless Conj miscast
  8544 | D:2      | XOM: give mutation
  8544 | D:2      | Gained mutation: You are partially covered in slimy green scales. (AC +2) [Xom's grace]
  9036 | D:2      | XOM: cloud trail
  9185 | D:2      | Reached skill level 1 in Dodging
  9293 | D:2      | XOM: scenery: create altars
  9330 | D:2      | XOM: scenery: create altars
  9774 | D:2      | XOM: give mutations
  9774 | D:2      | Gained mutation: You have a pair of large horns on your head. [Xom's grace]
  9774 | D:2      | Gained mutation: Your flesh is cold resistant. (rC+) [Xom's grace]
  9774 | D:2      | Gained mutation: You evolve. [Xom's grace]
  9966 | D:2      | XOM: god gift: 10 gold pieces
 10467 | D:2      | Gained mutation: You expend magic power (3 MP) to strengthen your wands. [evolution]
 10825 | D:2      | XOM: scenery: create altars
 11547 | D:2      | XOM: divination: detect creatures
 12121 | D:2      | XOM is BORED!
 12121 | D:2      | XOM: draining
 12429 | D:2      | XOM: scenery: create altars
 13014 | D:2      | XOM: summons 1 hostile demon
 13707 | D:3      | XOM: mild Air miscast
 13709 | D:3      | Reached XP level 7. HP: 28/35 MP: 5/8
 13952 | D:2      | XOM: mild Ice miscast
 14058 | D:2      | XOM: harmless Air miscast
 14908 | D:2      | XOM: harmless Fire miscast
 15253 | D:4      | XOM: butterfly on damage
 15269 | D:4      | Reached skill level 1 in Shields
 15349 | D:4      | XOM is BORED!
 15349 | D:4      | XOM: mild Pois miscast
 15379 | D:3      | XOM: harmless Tloc miscast
 15444 | D:3      | XOM: god gift: potion of lignification
 15626 | D:3      | XOM: god gift: scroll labeled IJYOGH HIODU {god gift}
 16142 | D:3      | XOM: scenery: create altars
 16320 | D:4      | XOM: divination: magic mapping
 16462 | D:4      | XOM: god gift: wand of scattershot (?/9) {god gift}
 16475 | D:4      | Found a sacrificial altar of Ru.
 16822 | D:5      | Entered Level 5 of the Dungeon
 17232 | D:5      | XOM: scenery: 1 doors open
 17394 | D:5      | XOM: summons friendly ufetubus
 17395 | D:5      | Gained mutation: You have razor-sharp teeth. [Vine Stalker growth]
 17395 | D:5      | Reached XP level 8. HP: 17/40 MP: 3/9
 17450 | D:5      | Found a burning altar of Makhleb.
 18332 | D:5      | Found Seuqul's Antique Armour Shop.
 18547 | D:4      | XOM: cloud trail
 18982 | D:5      | Found an ancient bone altar of Kikubaaqudgha.
 19637 | D:5      | Found Xuaxte's General Store.
 19642 | D:5      | Found Kazomuas's Gadget Shoppe.
 19712 | D:5      | XOM: scenery: create altars
 19754 | D:5      | Found Xueckut's Food Emporium.
 19891 | D:4      | XOM: mild Pois miscast
 20176 | D:4      | XOM: scenery: create altars
 20239 | D:4      | XOM: god gift: ring mail {god gift}
 20274 | D:4      | XOM is BORED!
 20274 | D:4      | XOM: mild Erth miscast
 20314 | D:4      | XOM: give mutations
 20314 | D:4      | Gained mutation: Your muscles are strong. (Str +2) [Xom's grace]
 20314 | D:4      | Gained mutation: You passively map a small area around you. [Xom's grace]
 20633 | D:4      | XOM: divination: magic mapping
 20690 | D:5      | Found Gonkello's Antique Armour Shop.
 20786 | D:5      | XOM: scenery: 1 fountains blood, 1 doors close
 21157 | D:5      | XOM: divination: magic mapping
 21637 | D:6      | Gained mutation: You are resistant to hostile enchantments. (MR+) [evolution]
 21723 | D:6      | Noticed Grinder
 21732 | D:6      | XOM: confuse monster(s)
 21735 | D:6      | Killed Grinder
 21995 | D:6      | Noticed Jessica
 22002 | D:6      | Killed Jessica
 22049 | D:6      | Found a deep blue altar of Sif Muna.
 22054 | D:6      | XOM: harmless Conj miscast
 22304 | D:6      | XOM: scenery: 1 doors open, 2 doors close
 22409 | D:7      | Found a hazy altar of Hepliaklqana.
 22462 | D:7      | Found a staircase to the Ecumenical Temple.
 22551 | Temple   | Entered the Ecumenical Temple
 23113 | D:7      | Reached XP level 9. HP: 38/46 MP: 10/10
 23181 | D:7      | Reached skill level 5 in Shields
 23183 | D:7      | XOM: potion effect (berserk rage)
 23218 | D:7      | XOM: medium Tloc miscast
 23218 | D:7      | Cast into level 2 of the Abyss (the capriciousness of Xom)
 23262 | Abyss:2  | Noticed a wretched star
 23264 | Abyss:2  | Noticed a starcursed mass
 23283 | Abyss:2  | XOM: summons friendly quasit
 23299 | Abyss:2  | Killed a wretched star
 23299 | Abyss:2  | Reached skill level 5 in Fighting
 23324 | Abyss:2  | Noticed a rakshasa
 23332 | Abyss:2  | XOM: harmless Fire miscast
 23345 | Abyss:2  | Noticed a worldbinder
 23372 | Abyss:2  | Noticed an ancient zyme
 23378 | Abyss:2  | XOM: divination: detect creatures
 23382 | Abyss:2  | XOM: cast spell 'Call Canine Familiar'
 23384 | Abyss:2  | Noticed a large abomination
 23385 | Abyss:2  | Noticed a mana viper
 23385 | Abyss:2  | Noticed a mana viper
 23386 | Abyss:2  | XOM: confuse monster(s)
 23391 | Abyss:2  | a large abomination changed into a flying skull
 23391 | Abyss:2  | XOM: polymorph large abomination -> flying skull
 23393 | Abyss:2  | Killed a worldbinder
 23395 | D:7      | Escaped the Abyss
 23398 | D:7      | Killed an ancient zyme
 23398 | D:7      | Reached XP level 10. HP: 34/51 MP: 5/10
 23454 | D:7      | Found Faim's Armour Shop.
 23479 | D:7      | Found a white marble altar of Elyvilon.
 23531 | D:7      | XOM: harmless Ice miscast
 23532 | D:7      | XOM: harmless Ice miscast
 23755 | D:8      | Upgraded the game from 0.20-a0-940-g1ecfa5a to 0.20-a0-942-ga5226df
 23766 | D:8      | XOM: scenery: create altars
 24447 | D:8      | Noticed a death yak
 24452 | D:8      | XOM: harmless Ice miscast
 24460 | D:8      | XOM: divination: magic mapping
 24463 | D:8      | XOM: confusion (+ monsters)
 24476 | D:8      | XOM: swap monsters
 24495 | D:8      | XOM: scenery: create altars
 24499 | D:8      | Killed a death yak
 24528 | D:8      | XOM: 4-stop teleportation journey
 24600 | D:8      | Noticed a death yak
 24609 | D:8      | XOM: enchant monster (bad)
 24628 | D:8      | XOM: enchant monster (bad)
 24831 | D:8      | Noticed a death yak
 24833 | D:8      | Noticed a white draconian
 24833 | D:8      | a death yak changed into a white draconian
 24833 | D:8      | XOM: polymorph death yak -> white draconian
 24854 | D:8      | XOM: enchant monster (good)
 24861 | D:8      | XOM: swap monsters
 24870 | D:8      | Killed a white draconian
 24870 | D:8      | Reached skill level 5 in Dodging
 24871 | D:8      | XOM: noise
 25392 | D:7      | XOM: cast spell 'Cause Fear'
 25913 | Temple   | XOM: god gift: potion of might
 26219 | Temple   | XOM: divination: detect creatures
 26666 | Temple   | XOM: cloud trail
 27373 | Temple   | XOM: scenery: 4 doors open
 27636 | Temple   | XOM: mild Necr miscast
 28016 | Temple   | XOM: harmless Tloc miscast
 28122 | Temple   | XOM: cloud trail
 28702 | Temple   | XOM: 2-stop teleportation journey
 29066 | Temple   | XOM: mild Pois miscast
 30219 | Temple   | XOM: harmless Erth miscast
 30405 | Temple   | XOM: god gift: shiny glass wand {god gift}
 30488 | Temple   | XOM is BORED!
 30488 | Temple   | XOM: mild Fire miscast
 30750 | Temple   | XOM: 1-stop teleportation journey
 30793 | Temple   | XOM: harmless Erth miscast
 31068 | Temple   | XOM: noise
 31103 | Temple   | XOM: god gift: scroll of teleportation
 31204 | Temple   | XOM: 1-stop teleportation journey
 31370 | Temple   | XOM: scenery: 4 doors close
 31377 | Temple   | XOM: god gift: 430 gold pieces
 31729 | Temple   | XOM is BORED!
 31729 | Temple   | XOM: medium Pois miscast
 31802 | Temple   | XOM: cloud trail
 31826 | Temple   | XOM: 4-stop teleportation journey
 32089 | Temple   | Lost mutation: You passively map a small area around you. [evolution]
 32241 | Temple   | XOM: harmless Chrm miscast
 32370 | Temple   | XOM: 2-stop teleportation journey
 32590 | Temple   | XOM: give mutations
 32590 | Temple   | Lost mutation: You evolve. [Xom's grace]
 32590 | Temple   | Gained mutation: You are somewhat resistant to further mutation. [Xom's grace]
 32590 | Temple   | Gained mutation: Your flesh is very cold resistant. (rC++) [Xom's grace]
 32885 | Temple   | XOM: 1-stop teleportation journey
 32936 | Temple   | XOM: scenery: 2 doors open, 2 doors close
 33071 | Temple   | XOM: scenery: 2 doors open, 2 doors close
 33265 | Temple   | XOM: draining
 33452 | Temple   | XOM: silly message
 34100 | Temple   | XOM is BORED!
 34100 | Temple   | XOM: medium Chrm miscast
 34573 | Temple   | XOM: harmless Pois miscast
 34770 | Temple   | XOM: 3-stop teleportation journey
 35035 | Temple   | XOM: cloud trail
 35181 | Temple   | XOM: cloud trail
 35400 | Temple   | XOM: mild Air miscast
 35459 | D:8      | Found a staircase to the Lair.
 35561 | D:8      | XOM: summons 5 hostile demons
 35562 | D:8      | Noticed a sixfirhy
 35562 | D:8      | XOM: mild Fire miscast
 35806 | D:7      | XOM: torment (28/53 hp)
 35969 | D:7      | XOM: medium Fire miscast
 36077 | D:8      | XOM: polymorph death yak -> death yak
 36080 | D:8      | XOM: butterfly on damage
 36085 | D:8      | XOM: divine lightning
 36087 | D:8      | Killed a death yak
 36794 | D:9      | Found a bloodstained altar of Trog.
 36837 | D:8      | XOM: god gift: chain mail {god gift}
 36991 | Temple   | XOM: scenery: 1 doors open, 3 doors close
 38524 | Temple   | XOM: god gift: 7 tomahawks of dispersal
 38744 | Temple   | XOM: god gift: book of Spatial Translocations
 39496 | D:9      | Found an opulent altar of Gozag.
 39938 | Temple   | XOM: scenery: 3 doors open, 1 doors close
 40076 | D:9      | XOM: noise
 40209 | D:9      | Found an ornate altar of the Wu Jian Council.
 40234 | D:9      | XOM: enchant monster (bad)
 40238 | D:9      | Reached XP level 11. HP: 43/58 MP: 9/12
 40274 | D:9      | XOM: harmless Necr miscast
 40311 | D:9      | Found a stormy altar of Qazlal.
 40786 | D:8      | Noticed a two-headed ogre
 40793 | D:8      | Killed a two-headed ogre
 41024 | D:8      | XOM: give mutations
 41024 | D:8      | Lost mutation: You are resistant to hostile enchantments. (MR+) [Xom's mischief]
 41024 | D:8      | Lost mutation: You are agile. (Dex +2) [Xom's mischief]
 41024 | D:8      | Lost mutation: You have a pair of large horns on your head. [Xom's mischief]
 41183 | D:8      | XOM: scenery: create altars
 41661 | D:8      | XOM: god gift: potion of curing
 42161 | D:10     | Entered Level 10 of the Dungeon
 42171 | D:10     | Found a snail-covered altar of Cheibriados.
 42194 | D:10     | XOM: harmless Conj miscast
 42210 | D:10     | XOM: blink monster(s)
 42215 | D:10     | XOM: confuse monster(s)
 42226 | D:10     | Killed from afar by a gargoyle

Vault maps used:
D:1:      scummos_arrival_simple_crosswalls
D:2:      fiery_altar_vehumet, first_bread, nicolae_qazlal_style_of_elements
D:3:      lemuel_round_altar, yredelemnul_altar_generic, serial_bayou,
          serial_bayou_pond_a, serial_bayou_pond_e, serial_bayou_pond_e,
          serial_bayou_pond_e, uniq_sigmund
D:4:      lemuel_round_altar
D:5:      minmay_opposing_rooms, old_standard_altar, kennysheep_little_box,
          serial_shops, shop, shop, nicolae_shop_temple_entry_statues_fountains,
          shop, nicolae_shop_behind_doors
D:6:      tgw_sif, uniq_grinder
D:7:      overflow_temple_1_default, kennysheep_mini_moat,
          minmay_temple_entry_large_hall, serial_shops, shop, serial_glass,
          glass_columns_b, glass_columns_a, glass_columns_a, glass_columns_b,
          glass_columns_a, glass_columns_a, glass_columns_c, glass_columns_a,
          glass_columns_a, glass_columns_a, glass_columns_c, glass_columns_b,
          glass_columns_b, glass_columns_a, minmay_strange_pillars,
          item_on_display_a, item_on_display_a
D:8:      dpeg_lair_monsters
D:9:      nicolae_gozag_seed_capital, old_standard_altar, lemuel_round_altar,
          old_standard_altar
D:10:     serial_bayou, serial_bayou_pond_b, serial_bayou_pond_b,
          serial_bayou_pond_b, serial_bayou_crossing, basic_altar
Temple:   nicolae_temple_figure_zero

Skill      XL: |  1  2  3  4  5  6  7  8  9 10 11 |
---------------+----------------------------------+-----
Polearms       | 3 4 5 6 7 8 9 |  9.4
Dodging        | 1 2 3 4 5 |  5.7
Fighting       | 3 4 5 6 |  6.9
Shields        | 3 4 6 8 9 |  9.1
Armour         | |  1.5

Action                   |  1- 3 |  4- 6 |  7- 9 | 10-12 || total
-------------------------+-------+-------+-------+-------++-------
Melee: Spear             |   116 |   194 |   244 |   183 ||   737
       Bite              |    26 |    33 |    70 |    61 ||   190
       Headbutt          |       |    20 |    58 |    43 ||   121
       Kick              |       |    30 |    83 |    58 ||   171
       Quarterstaff      |       |       |       |    20 ||    20
Evoke: Wand              |       |       |     3 |    11 ||    14
  Use: Scroll            |     2 |     1 |     4 |     6 ||    13
       Potion            |       |     5 |     4 |       ||     9
 Stab: Sleeping          |     1 |     2 |     4 |       ||     7
       Petrifying        |       |     1 |     1 |       ||     2
       Petrified         |       |     1 |       |       ||     1
       Paralysed         |       |       |     1 |     4 ||     5
       Distracted        |       |       |     1 |     1 ||     2
       Invisible         |       |       |     2 |       ||     2
       Confused          |       |       |       |     5 ||     5
  Eat: Chunk             |     9 |    12 |    30 |    19 ||    70
       Bread ration      |       |     2 |       |     4 ||     6
       Royal jelly       |       |     1 |     1 |     1 ||     3
       Meat ration       |       |     1 |       |     3 ||     4
       Fruit             |       |       |       |     3 ||     3
Armor: Leather armour    |    34 |    22 |    23 |       ||    79
       Skin              |       |     9 |       |       ||     9
       Robe              |       |       |    12 |    28 ||    40
Dodge: Dodged            |    49 |    40 |    95 |   108 ||   292
